Map: [EWC] Amphion

Players

ByuN

  • Race: Terran Terran
  • Spawn Location: 7:00

Oliveira - Winner!

  • Race: Terran Terran
  • Spawn Location: 11:00

Event: Esports World Cup 2024

VOD

Have the link to the VOD?

Description

Time

  • Played on: Aug. 16, 2024, 9:07 a.m.
  • Length: 7:14

All games in this series

Show
View Real Time Build Order
Export as new Build Order

ByuN Terran 

Build Orders:  

Get SALT Encoding   

  12  0:00  SCV  
  13  0:12  SCV  
  14  0:18  Supply Depot  
  14  0:24  SCV  
  15  0:40  SCV, Barracks  
  16  0:44  Refinery  
  16  0:52  SCV  
  17  1:04  SCV  
  18  1:16  SCV  
  19  1:28  Orbital Command  
  20  1:39  Command Center  
  19  1:40  Marine  
  20  1:52  Factory  
  20  1:56  SCV  
  21  2:03  Barracks Reactor  
  21  2:05  Supply Depot  
  21  2:09  SCV  
  21  2:13  Refinery  
  22  2:21  SCV  
  22  2:33  SCV  
  23  2:37  Hellion  
  23  2:39  Marine  
  23  2:40  Marine  
  25  2:45  SCV  
  25  2:56  Starport  
  25  2:57  SCV  
  25  3:01  Cyclone  
  27  3:10  SCV  
  28  3:16  Marine x2  
  30  3:23  SCV  
  31  3:29  Orbital Command  
  31  3:33  Cyclone  
  31  3:37  Medivac  
  31  3:38  Marine  
  31  3:39  Marine  
  33  3:44  SCV  
  34  3:56  SCV, Marine  
  34  3:57  SCV, Marine  
  34  4:01  Supply Depot  
  38  4:07  Factory Tech Lab  
  38  4:11  SCV  
  38  4:13  SCV  
  38  4:16  Marine x2  
  42  4:19  Medivac  
  44  4:29  Siege Tank  
  47  4:35  SCV x2  
  47  4:37  Marine  
  47  4:38  Marine  
  50  4:43  Supply Depot  
  51  4:49  Liberator  
  54  5:04  SCV x2, Marine, Siege Tank  
  61  5:08  Supply Depot  
  61  5:09  Refinery  
  61  5:17  SCV  
  61  5:19  SCV  
  56  5:29  SCV  
  56  5:31  SCV  
  60  5:41  SCV  
  59  5:43  SCV  
  59  5:44  Starport  
  59  5:46  Marine  
  59  5:47  Viking x2  
  59  5:48  Bunker  
  65  5:54  SCV  
  65  5:56  SCV  
  64  6:01  Siege Tank  
  65  6:06  SCV  
  65  6:07  Marine  
  65  6:08  SCV  
  59  6:18  SCV, Viking  
  59  6:20  SCV  
  59  6:22  Viking  
  62  6:32  SCV  
  55  6:33  Marine  
  51  6:44  SCV  
  46  6:53  Marine  
  39  6:56  SCV  
Show
View Real Time Build Order
Export as new Build Order

Oliveira Terran - Winner!

Build Orders:  

Get SALT Encoding   

  12  0:00  SCV  
  13  0:12  SCV  
  14  0:17  Supply Depot  
  14  0:24  SCV  
  15  0:39  SCV  
  15  0:40  Barracks  
  16  0:45  Refinery  
  16  0:51  SCV  
  16  0:56  Refinery  
  17  1:03  SCV  
  18  1:15  SCV  
  19  1:27  Orbital Command, Reaper  
  20  1:33  Supply Depot  
  20  1:44  Factory  
  20  1:54  SCV  
  21  2:00  Barracks Reactor  
  21  2:06  SCV  
  22  2:18  SCV  
  23  2:26  Command Center  
  23  2:31  Hellion  
  23  2:36  Reaper  
  26  2:38  SCV  
  26  2:40  Reaper  
  27  2:48  Supply Depot  
  27  2:50  SCV  
  28  2:53  Hellion  
  30  3:02  SCV  
  31  3:09  Reaper  
  31  3:12  Reaper  
  33  3:14  SCV, Hellion  
  33  3:19  Starport  
  36  3:26  SCV  
  35  3:37  Cyclone  
  38  3:41  Orbital Command  
  38  3:44  SCV, Marine x2  
  38  3:56  Refinery, Medivac  
  38  4:02  SCV, Marine x2  
  43  4:14  SCV x2  
  43  4:16  Factory Tech Lab  
  43  4:20  Marine x2  
  45  4:28  SCV x2  
  47  4:32  Supply Depot  
  47  4:34  Siege Tank  
  50  4:41  SCV  
  50  4:42  Viking  
  50  4:43  SCV  
  54  4:46  Supply Depot  
  54  4:52  Refinery  
  54  4:53  SCV, Viking  
  54  4:55  SCV  
  58  5:05  SCV  
  58  5:06  Siege Tank  
  62  5:07  SCV  
  62  5:12  Viking  
  65  5:17  Supply Depot  
  63  5:28  Viking  
  63  5:30  SCV x2  
  63  5:32  Starport  
  67  5:41  Siege Tank  
  67  5:42  SCV x2  
  72  5:43  Viking  
  72  5:44  Supply Depot  
  74  6:00  Viking  
  75  6:08  Viking  
  75  6:09  Command Center  
  76  6:18  SCV  
  53  6:29  Viking  
  53  6:30  SCV x2  
  54  6:37  Siege Tank  
  57  6:42  SCV  
  58  6:53  SCV  
  58  6:54  SCV  
Tags
 
Add a new tag
Caveats
  • Supply blocks, unpowered buildings, or Contaminate may cause inaccurate times.
  • Supply counts are checked every 10 seconds.